 Dungeon Crawl Stone Soup version 0.23.1 (webtiles) character file.

Game seed: 0

422 PikkenKukken the Archer (level 6, 0/52 HPs)
             Began as a Centaur Hunter on Mar 9, 2019.
             Slain by a slave (8 damage)
             ... led by Pikel
             ... on level 4 of the Dungeon.
             The game lasted 00:11:41 (5464 turns).

PikkenKukken the Archer (Centaur Hunter)            Turns: 5464, Time: 00:11:41

Health: 0/52       AC:  7    Str: 17    XL:     6   Next: 63%
Magic:  6/6        EV: 11    Int: 10    God:
Gold:   117        SH:  0    Dex: 12    Spells: 5/5 levels left

rFire    . . .     SeeInvis .   b - +1 mace (holy)
rCold    . . .     Gourm    .   (no shield)
rNeg     + . .     Faith    .   m - +2 animal skin
rPois    .         Spirit   .   j - +0 helmet
rElec    .         Reflect  .   (no cloak)
rCorr    .         Harm     .   (no gloves)
MR       .....                  (no barding)
Stlth    +.........             u - amulet "Has Wuokhut" {Acrobat Str+3}
HPRegen  0.17/turn              o - ring of positive energy
MPRegen  0.10/turn              g - ring of wizardry

@: very quick
A: large, hooves 3, deformed body, speed 2, tough skin 3
a: no special abilities


You were on level 4 of the Dungeon.
You were not hungry.

You visited 1 branch of the dungeon, and saw 4 of its levels.

You collected 117 gold pieces.

Inventory:

Hand Weapons
 a - a +1 shortbow
 b - a +1 mace of holy wrath (weapon)
 r - a +0 short sword
Missiles
 d - 10 arrows
 i - 2 steel javelins (quivered)
Armour
 c - a +0 leather armour
 j - a +0 helmet (worn)
 m - a +2 animal skin (worn)
Jewellery
 g - a ring of wizardry (right hand)
 n - an uncursed amulet of magic regeneration
 o - a ring of positive energy (left hand)
 u - the amulet "Has Wuokhut" (around neck) {Acrobat Str+3}
   (You found it on level 4 of the Dungeon)

   [amulet of the acrobat]

   It helps you evade while moving and waiting.
   It affects your strength (+3).
Wands
 v - a wand of flame (14)
Scrolls
 k - a scroll of identify
 p - 2 scrolls of teleportation
 t - a scroll of remove curse
Potions
 e - a potion of magic
 h - a potion of flight
 l - a potion of degeneration {unknown}
 q - a potion of haste {unknown}
 s - a potion of lignification {unknown}
Comestibles
 f - 3 rations
 w - a chunk of flesh


   Skills:
 + Level 3.8 Fighting
 * Level 8.4 Bows
 + Level 2.9 Dodging
 - Level 0.4 Stealth


You had 5 spell levels left.
You didn't know any spells.
Your spell library was empty.

Dungeon Overview and Level Annotations

Branches:
Dungeon (4/15)
 Temple: D:4-7

Altars:
Hepliaklqana
Ru
Sif Muna

Annotations:
D:4 Pikel


Innate Abilities, Weirdness & Mutations

You have hooves in place of feet.
Armour fits poorly on your strangely shaped body.
You cover ground very quickly.
You have extremely tough skin. (AC +3)


Message History

Pikel is almost dead.
Pikel hits you with a +1 whip of freezing.
* * * LOW HITPOINT WARNING * * *
Pikel freezes you.
* * * LOW HITPOINT WARNING * * *
The slave hits you.
* * * LOW HITPOINT WARNING * * *
You hit Pikel.
Pikel is almost dead.
Pikel closely misses you. The slave hits you.
* * * LOW HITPOINT WARNING * * *
Pikel zaps a wand.
The puff of flame misses you.
You hit Pikel.
Pikel is almost dead.
The slave closely misses you. Pikel hits you but does no damage.
The slave hits you but does no damage.
You hit Pikel. You kick Pikel, but do no damage.
Pikel is almost dead.
Pikel zaps a wand.
The puff of flame misses you. The slave hits you!
You die...

#............##
#
##......#....#
########...##
##..# #.## #.#
#.# #.# ##@##
##.pK# ##..#>.#
##..###.(# ####
##..## #.(#
#..###..## .#(.
#....### ..(.
#...## ..(.
#..### ..


You could see Pikel and a slave.

Vanquished Creatures
  3 slaves
  Blork the orc (D:4)
  A scorpion (D:4)
  A howler monkey (D:4)
  Ijyb (D:4)
  Terence (D:3)
  A worker ant (D:4)
  Robin (D:2)
  4 adders
  3 gnolls
  4 oozes
  3 worms
  5 dart slugs
  3 leopard geckos
  4 orcs
  2 giant cockroaches (D:1)
  9 goblins
  6 hobgoblins
  7 jackals (D:2)
  A quokka (D:2)
  10 bats
  4 frilled lizards
  7 kobolds
  16 rats
98 creatures vanquished.

Notes
Turn   | Place    | Note
-------+----------+-------------------------------------------
     0 | D:1      | PikkenKukken the Centaur Hunter began the quest for the
                  | Orb.
     0 | D:1      | Reached XP level 1. HP: 17/17 MP: 1/1
    75 | D:1      | Reached XP level 2. HP: 11/24 MP: 2/2
   823 | D:1      | Reached skill level 6 in Bows
   836 | D:1      | Reached XP level 3. HP: 30/30 MP: 3/3
  1262 | D:2      | Found a sacrificial altar of Ru.
  1263 | D:2      | Found a hazy altar of Hepliaklqana.
  1281 | D:2      | Noticed Robin
  1291 | D:2      | Killed Robin
  1305 | D:2      | Reached XP level 4. HP: 14/37 MP: 4/4
  2334 | D:2      | Reached skill level 7 in Bows
  2732 | D:1      | Reached XP level 5. HP: 30/45 MP: 5/5
  3021 | D:3      | Found a deep blue altar of Sif Muna.
  3150 | D:3      | Noticed Terence
  3168 | D:3      | Killed Terence
  3929 | D:2      | Found a sacrificial altar of Ru.
  3931 | D:2      | Found a hazy altar of Hepliaklqana.
  4104 | D:4      | Got a scintillating golden amulet
  4249 | D:4      | Identified the amulet "Has Wuokhut" {Acrobat Str+3} (You
                  | found it on level 4 of the Dungeon)
  4290 | D:4      | Noticed Ijyb
  4304 | D:4      | Killed Ijyb
  4486 | D:4      | Reached skill level 8 in Bows
  4486 | D:4      | Reached XP level 6. HP: 51/51 MP: 6/6
  4644 | D:4      | Noticed a slave
  4702 | D:4      | Killed a slave
  4952 | D:4      | Noticed Pikel
  4952 | D:4      | Noticed a slave
  4952 | D:4      | Noticed a slave
  5027 | D:3      | Killed a slave
  5054 | D:3      | Killed a slave
  5284 | D:4      | Noticed Blork the orc
  5294 | D:4      | Killed Blork the orc
  5451 | D:4      | Noticed a slave
  5464 | D:4      | Slain by a slave

Skill      XL: |  1  2  3  4  5 |
---------------+----------------+-----
Bows           | 6 7 8 |  8.4
Dodging        | 2 |  2.9
Fighting       | 3 |  3.8
Stealth        | |  0.4

Action                   |  1- 3 |  4- 6 || total
-------------------------+-------+-------++-------
Melee: Short sword       |    25 |    82 ||   107
       Kick              |     3 |    26 ||    29
       Mace              |       |    30 ||    30
 Fire: Shortbow          |    93 |   144 ||   237
Throw: Javelin           |     3 |     3 ||     6
  Use: Scroll            |       |     8 ||     8
  Eat: Chunk             |       |    11 ||    11
Armor: Leather armour    |    20 |       ||    20
       Animal skin       |       |    82 ||    82
Dodge: Dodged            |    18 |   126 ||   144
